Map: Romanticide LE

Players

BabyLing - Winner!

  • Race: Zerg Zerg
  • League: Diamond

evospin

  • Race: Protoss Protoss
  • League: Diamond

VOD

Have the link to the VOD?

Description

Time

  • Played on: July 26, 2021, 5:25 a.m.
  • Length: 16:53
Show
View Real Time Build Order
Export as new Build Order

BabyLing Zerg - Winner!

Build Orders: Hatch First 

Get SALT Encoding   

  12  0:00  Drone  
  13  0:12  Overlord  
  13  0:16  Drone  
  14  0:30  Drone x2  
  16  0:48  Hatchery  
  15  0:50  Drone  
  15  0:54  Drone  
  17  0:58  Drone  
  18  1:12  Spawning Pool  
  18  1:14  Extractor  
  18  1:16  Drone  
  17  1:20  Drone  
  18  1:28  Drone  
  20  1:47  Drone  
  20  1:53  Extractor, Drone  
  20  2:06  Drone x2  
  20  2:07  Roach Warren  
  21  2:13  Hatchery  
  21  2:15  Overlord  
  20  2:22  Overlord  
  22  2:47  Roach x2  
  22  2:48  Roach  
  26  3:00  Drone x2  
  28  3:11  Drone x2  
  28  3:12  Drone  
  31  3:24  Queen  
  33  3:27  Queen  
  35  3:35  Drone x3  
  35  3:38  Overlord  
  35  3:40  Ravager x2  
  40  3:42  Ravager  
  40  3:44  Drone  
  42  3:48  Drone  
  43  4:04  Drone x2  
  45  4:11  Queen  
  45  4:12  Queen  
  45  4:15  Drone x2  
  51  4:27  Drone  
  51  4:30  Hatchery  
  51  4:31  Overlord  
  51  4:37  Overlord  
  51  4:39  Drone  
  52  4:47  Overlord  
  52  4:57  Drone x6  
  52  4:58  Queen  
  60  5:01  Drone  
  60  5:05  Queen  
  63  5:07  Drone x2  
  65  5:20  Drone x2  
  67  5:26  Drone x6  
  73  5:32  Drone  
  73  5:33  Queen  
  76  5:41  Queen  
  78  5:45  Drone x2  
  78  5:46  Queen  
  82  6:00  Overlord x3  
  82  6:07  Overlord x3  
  82  6:09  Queen  
  78  6:14  Extractor  
  78  6:15  Extractor  
  73  6:29  Drone x3  
  76  6:41  Roach x3  
  76  6:42  Roach x8  
  76  6:47  Spore Crawler x2  
  97  6:49  Spore Crawler  
  97  6:53  Drone x3  
  97  6:54  Drone x2  
  100  7:01  Drone  
  100  7:05  Lair  
  101  7:16  Ravager  
  101  7:17  Ravager x8  
  101  7:21  Drone x9  
  119  7:25  Extractor  
  119  7:26  Extractor  
  117  7:34  Evolution Chamber  
  117  7:35  Evolution Chamber  
  117  7:36  Hatchery  
  114  7:39  Zergling x12  
  114  7:43  Queen  
  122  7:46  Overlord x3  
  122  7:53  Overlord  
  122  8:03  Queen  
  122  8:04  Overlord  
  122  8:05  Zergling x8  
  125  8:06  Spore Crawler  
  127  8:15  Zergling x10  
  127  8:18  Queen  
  134  8:26  Queen  
  136  8:31  Hydralisk Den  
  119  9:11  Zergling x2  
  119  9:12  Zergling x12  
  119  9:16  Zergling x16  
  120  9:28  Zergling x8  
  121  9:38  Grooved Spines  
  121  9:39  Drone x4  
  125  9:50  Burrow  
  122  9:58  Zergling x14  
  121  10:01  Ravager  
  103  10:20  Overlord x2  
  94  10:26  Hydralisk x9  
  94  10:27  Hydralisk  
  110  10:30  Queen  
  110  10:31  Spore Crawler  
  110  10:35  Extractor  
  110  10:36  Metabolic Boost  
  110  10:38  Hydralisk x11  
  110  10:39  Extractor, Hydralisk  
  110  10:41  Zerg Missile Weapons Level 1, Zerg Ground Armor Level 1  
  133  10:49  Muscular Augments  
  132  10:50  Hydralisk  
  132  10:51  Hydralisk x3  
  138  11:00  Hydralisk x6  
  147  11:05  Hydralisk x2  
  147  11:06  Hydralisk x2  
  155  11:16  Hydralisk x6  
  167  11:21  Drone  
  168  11:26  Hydralisk x4  
  168  11:29  Overlord  
  168  11:30  Overlord  
  175  11:38  Drone  
  175  11:56  Overseer  
  175  12:04  Spine Crawler x2  
  175  12:05  Spine Crawler  
  175  12:06  Spore Crawler  
  171  12:09  Hydralisk x11  
  191  12:17  Overlord  
  191  12:18  Overlord x2  
  191  12:20  Drone  
  191  12:21  Overlord x5  
  191  12:22  Overlord  
  192  12:37  Roach x4  
  194  12:48  Hydralisk  
  194  12:49  Hydralisk x6  
  200  13:08  Hatchery, Overseer  
  199  13:21  Glial Reconstitution  
  199  14:04  Ravager  
  199  14:06  Zerg Ground Armor Level 2  
  200  14:15  Overseer  
  199  14:22  Hydralisk x6  
  184  14:42  Hydralisk x8  
  196  14:57  Hydralisk x6  
  200  15:22  Infestation Pit  
  195  15:39  Hydralisk  
  195  15:40  Hydralisk x2  
  183  16:01  Hydralisk x8  
  197  16:22  Hatchery  
  200  16:50  Spire  
Show
View Real Time Build Order
Export as new Build Order

evospin Protoss 

Build Orders: Nexus First, Carriers 

Get SALT Encoding   

  12  0:01  Probe  
  13  0:13  Probe  
  14  0:25  Pylon  
  14  0:27  Probe  
  15  0:43  Probe (Chrono Boost)  
  16  0:52  Probe (Chrono Boost)  
  17  0:57  Probe (Chrono Boost)  
  18  1:05  Nexus  
  18  1:09  Probe  
  19  1:18  Forge  
  19  1:32  Pylon  
  19  1:37  Gateway  
  19  1:53  Photon Cannon  
  19  1:55  Photon Cannon  
  19  2:06  Photon Cannon  
  19  2:21  Photon Cannon  
  19  2:26  Cybernetics Core  
  19  2:30  Probe (Chrono Boost)  
  19  2:32  Assimilator  
  19  2:34  Assimilator  
  20  2:40  Probe (Chrono Boost)  
  20  2:42  Assimilator, Probe (Chrono Boost)  
  22  2:46  Assimilator  
  22  2:50  Probe  
  23  2:56  Pylon  
  23  2:58  Zealot  
  23  3:03  Probe  
  26  3:15  Probe  
  27  3:28  Probe  
  28  3:38  Probe (Chrono Boost)  
  30  3:46  Probe (Chrono Boost)  
  30  3:48  Probe (Chrono Boost), Photon Cannon  
  31  3:49  Photon Cannon  
  31  3:50  Pylon  
  31  3:53  Probe x2 (Chrono Boost)  
  33  4:04  Probe  
  33  4:06  Shield Battery  
  33  4:07  Shield Battery  
  33  4:09  Probe  
  35  4:15  Pylon  
  35  4:17  Probe  
  37  4:31  Probe  
  37  4:36  Stargate  
  37  4:37  Stargate  
  37  4:46  Stargate  
  37  4:48  Probe (Chrono Boost)  
  38  4:58  Probe x2 (Chrono Boost)  
  40  5:06  Probe (Chrono Boost)  
  42  5:07  Probe (Chrono Boost)  
  42  5:08  Pylon  
  42  5:11  Probe (Chrono Boost), Pylon  
  43  5:19  Void Ray x2 (Chrono Boost)  
  40  5:26  Void Ray (Chrono Boost)  
  52  5:45  Forge  
  52  5:50  Void Ray x2 (Chrono Boost)  
  60  6:14  Void Ray  
  60  6:22  Nexus  
  64  6:27  Void Ray  
  64  6:33  Pylon  
  64  6:34  Pylon  
  68  6:50  Probe (Chrono Boost)  
  68  6:51  Fleet Beacon  
  69  7:00  Probe x2 (Chrono Boost)  
  71  7:02  Protoss Shields Level 1 (Chrono Boost)  
  71  7:05  Probe (Chrono Boost)  
  71  7:06  Probe  
  73  7:14  Protoss Air Armor Level 1 (Chrono Boost)  
  73  7:15  Assimilator  
  73  7:16  Probe  
  73  7:19  Assimilator  
  73  7:20  Probe (Chrono Boost)  
  75  7:28  Probe (Chrono Boost)  
  77  7:37  Probe (Chrono Boost)  
  77  7:38  Carrier  
  77  7:41  Probe (Chrono Boost)  
  85  7:51  Carrier  
  85  7:52  Probe (Chrono Boost)  
  91  7:59  Probe (Chrono Boost)  
  91  8:01  Cybernetics Core  
  92  8:06  Probe  
  93  8:14  Twilight Council  
  93  8:17  Shield Battery  
  93  8:18  Probe  
  93  8:19  Shield Battery  
  94  8:21  Shield Battery  
  94  8:24  Shield Battery  
  94  8:26  Photon Cannon  
  94  8:30  Photon Cannon, Probe  
  95  8:38  Carrier  
  67  9:30  Carrier x2  
  75  9:39  Pylon  
  75  9:42  Pylon  
  75  9:45  Pylon  
  81  10:00  Carrier (Chrono Boost)  
  73  10:31  Carrier x2 (Chrono Boost)  
  73  10:33  Protoss Shields Level 2  
  85  10:41  Nexus  
  85  10:43  Pylon  
  85  11:10  Carrier  
  85  11:42  Protoss Air Armor Level 2 (Chrono Boost)  
  85  12:02  Shield Battery  
  85  12:03  Shield Battery  
  85  12:05  Shield Battery  
  85  12:21  Carrier  
  91  12:37  Probe  
  89  13:02  Carrier  
  95  13:35  Pylon  
Tags
 
Add a new tag
Caveats
  • Supply blocks, unpowered buildings, or Contaminate may cause inaccurate times.
  • Supply counts are checked every 10 seconds.